 Dungeon Crawl Stone Soup version 0.22-a0-379-ga9d99d6 (webtiles) character file.

934 Alphaeus the Sneak (level 8, -5/81 HPs)
             Began as an Octopode Berserker on Apr 28, 2018.
             Was a Priest of Trog.
             Slain by a water moccasin (6 damage)
             ... on level 6 of the Dungeon.
             The game lasted 00:03:40 (5175 turns).

Alphaeus the Sneak (Octopode Berserker)             Turns: 5175, Time: 00:03:40

Health: -5/81      AC:  1    Str: 21    XL:     8   Next: 11%
Magic:  8/8        EV: 15    Int:  9    God:    Trog [***...]
Gold:   292        SH:  4    Dex: 14    Spells: 7/7 levels left

rFire    . . .     SeeInvis .   u - +0 dagger (speed)
rCold    . . .     Gourm    .   s - +0 buckler
rNeg     . . .     Faith    .   (helmet restricted)
rPois    .         Spirit   .   i - amulet of the acrobat
rElec    .         Reflect  .   r - ring of stealth
rCorr    .         Harm     .   (no ring)
MR       ++...                  (no ring)
Stlth    ..........             (no ring)
HPRegen  1.23/turn              (no ring)
MPRegen  0.11/turn              (no ring)
                                (no ring)
                                (no ring)

@: berserking, lethally poisoned (-5 -> -5), regenerating, very quick
A: almost no armour, stealthy swim, amphibious, 8 rings, constrict 8, camouflage
1, gelatinous body 1
a: Berserk, Trog's Hand, Renounce Religion


You were on level 6 of the Dungeon.
You worshipped Trog.
Trog was most pleased with you.
You were very hungry.

You visited 1 branch of the dungeon, and saw 6 of its levels.

You collected 292 gold pieces.

Inventory:

Hand Weapons
 a - a +0 short sword
 h - a +0 rapier
 u - a +0 dagger of speed (weapon)
Armour
 s - a +0 buckler (worn)
Jewellery
 i - an amulet of the acrobat (around mantle)
 r - a ring of stealth (left tentacle)
 v - an uncursed ring of protection from cold {unknown}
Wands
 t - a wand of paralysis (5)
Scrolls
 d - 4 scrolls of remove curse
 g - 8 scrolls of identify
 m - a scroll of fear
Potions
 c - a potion of degeneration {unknown}
 e - 2 potions of mutation {unknown}
 f - 5 potions of heal wounds {unknown}
 j - 3 potions of flight {unknown}
 k - a potion of lignification {unknown}
 l - a potion of resistance {unknown}
 n - a potion of ambrosia {unknown}
 o - a potion of curing {unknown}
 p - a potion of haste {unknown}
 q - 2 potions of brilliance {unknown}
Comestibles
 b - 10 rations
 x - a chunk of flesh


   Skills:
 + Level 4.8 Fighting
 + Level 4.8 Short Blades
 + Level 4.8 Dodging
 * Level 7.4 Stealth
 * Level 2.7 Shields


You had 7 spell levels left.
You didn't know any spells.

Dungeon Overview and Level Annotations

Branches:
Dungeon (6/15)             Temple (0/1) D:4

Altars:
Nemelex Xobeh
Ru
Uskayaw
Vehumet
Yredelemnul
Zin

Shops:
D:4 }


Innate Abilities, Weirdness & Mutations

You cannot wear most types of armour.
You are very stealthy in the water. (Stealth+)
You are amphibious.
You can wear up to eight rings at the same time.
You can use your tentacles to constrict eight enemies at once.
Your skin changes colour to match your surroundings (Stealth+).
Your rubbery body absorbs attacks. (AC +1, EV +1)


Message History

The orc wizard casts a spell at you. The puff of flame hits you!
* * * LOW HITPOINT WARNING * * *
The orc wizard hits you with a dagger.
* * * LOW HITPOINT WARNING * * *
The water moccasin barely misses you.
You hit the orc warrior.
You kill the orc warrior!
Trog accepts your kill.
You puncture the water moccasin! Your grab misses the water moccasin.
The water moccasin is moderately wounded.
The orc wizard hits you with a dagger.
* * * LOW HITPOINT WARNING * * *
You closely miss the water moccasin. You grab the water moccasin.
You squeeze the water moccasin!
The water moccasin is almost dead.
You constrict the water moccasin, but do no damage.
* * * LOW HITPOINT WARNING * * *
You feel sick. The water moccasin bites you.
You die...

...............#...####..........
...............###.# ....###.....
.......##......# .# .......##.#.
######.##......# .#........ #...
..##......###.#........####.
..###........................ ..
#..............#....#.... ...
##.##....o.....#....#....
#.##...@).....#....#....
#.##..Soo.....#.........
#.##....5.....#.........
#.##..........#.........
#.............######....
###########...# #.... ...# #.....
... #..... #.....


You could see a water moccasin, 3 orc wizards and a shadow imp.

Vanquished Creatures
  A black bear (D:6)
  An orc warrior (D:6)
  A phantom (D:6)
  An ogre (D:4)
  A big kobold (D:5)
  A scorpion (D:4)
  A jelly (D:5)
  A bullfrog skeleton (D:5)
  2 centaur skeletons
  3 worker ants
  Natasha (thrice) (D:2)
  An orc wizard (D:5)
  A hound skeleton (D:2)
  4 adders
  A shadow imp (D:5)
  An ooze (D:2)
  6 worms
  2 dart slugs
  2 leopard geckos
  10 orcs
  3 giant cockroaches
  7 goblins
  8 hobgoblins
  3 jackals (D:3)
  2 quokkas (D:4)
  2 ball pythons
  4 bats
  5 frilled lizards
  17 kobolds
  6 rats
101 creatures vanquished.

Notes
Turn   | Place    | Note
-------+----------+-------------------------------------------
     0 | D:1      | Alphaeus the Octopode Berserker began the quest for the Orb.
     0 | D:1      | Reached XP level 1. HP: 16/16 MP: 1/1
   201 | D:1      | Reached skill level 1 in Stealth
   208 | D:1      | Reached XP level 2. HP: 4/21 MP: 2/2
  1005 | D:2      | Reached skill level 2 in Stealth
  1074 | D:2      | Reached XP level 3. HP: 23/26 MP: 3/3
  1133 | D:2      | Found a hide-covered altar of Uskayaw.
  1142 | D:2      | Noticed Natasha
  1148 | D:2      | Killed Natasha
  1148 | D:2      | Reached ** piety under Trog
  1148 | D:2      | Reached skill level 3 in Stealth
  1148 | D:2      | Reached XP level 4. HP: 25/31 MP: 4/4
  1476 | D:2      | Noticed Natasha
  1485 | D:2      | Killed Natasha
  1633 | D:2      | Reached XP level 5. HP: 33/36 MP: 5/5
  1679 | D:2      | Reached skill level 4 in Stealth
  1895 | D:2      | Noticed Natasha
  1902 | D:2      | Killed Natasha
  1973 | D:3      | Found a sacrificial altar of Ru.
  2412 | D:3      | Found a faded altar of an unknown god.
  2441 | D:3      | Found a radiant altar of Vehumet.
  2807 | D:4      | Noticed an ogre
  2811 | D:4      | Killed an ogre
  2811 | D:4      | Reached skill level 5 in Stealth
  2811 | D:4      | Reached XP level 6. HP: 43/43 MP: 6/6
  3086 | D:4      | Found a staircase to the Ecumenical Temple.
  3117 | D:4      | Found a sparkling altar of Nemelex Xobeh.
  3369 | D:4      | Found Horioq's Gadget Emporium.
  3419 | D:4      | Reached skill level 6 in Stealth
  3679 | D:5      | Entered Level 5 of the Dungeon
  3746 | D:5      | Reached XP level 7. HP: 48/48 MP: 7/7
  3814 | D:5      | Found a glowing silver altar of Zin.
  4130 | D:5      | Reached *** piety under Trog
  4147 | D:5      | Reached skill level 1 in Shields
  4185 | D:5      | Found a basalt altar of Yredelemnul.
  4979 | D:5      | Got an ichor-stained spear
  5018 | D:6      | Reached skill level 7 in Stealth
  5088 | D:6      | Reached XP level 8. HP: 54/54 MP: 8/8
  5094 | D:6      | Identified the cursed +1 spear "Inuann" {drain, MR+ Str+3 Dex+5} (You found it on level 5 of the Dungeon)
  5172 | D:6      | HP: 2/81 [orc wizard/dagger (4)]
  5175 | D:6      | Slain by a water moccasin

Vault maps used:
D:1:      dpeg_arrival_pits, serial_glass, glass_columns_a, glass_columns_a
D:2:      eat_drink_and_be_merry_uskayaw, first_ration, uniq_natasha
D:3:      vehumet_crystals, lemuel_crystal_altar,
          chequers_ecumenical_altar_island
D:4:      nemelex_xobeh_ov_fountains_minmay, minmay_temple_entry_butterflies,
          serial_shops, shop
D:5:      cheibrodos_thug_alley, yredelemnul_altar_generic, lemuel_doored_altar,
          grunt_ministairs_2, kennysheep_generic_room_16

Skill      XL: |  1  2  3  4  5  6  7 |
---------------+----------------------+-----
Stealth        | 1 2 3 5 6 7 |  7.4
Short Blades   | 4 |  4.8
Fighting       | 4 |  4.8
Dodging        | 4 |  4.8
Shields        | 2 |  2.7

Action                   |  1- 3 |  4- 6 |  7- 9 || total
-------------------------+-------+-------+-------++-------
Melee: Short sword       |    43 |    95 |    41 ||   179
       Constrict         |    10 |    19 |    19 ||    48
       Tentacles         |     8 |    19 |    23 ||    50
       Dagger            |       |       |    47 ||    47
Invok: Berserk           |       |       |     1 ||     1
       Trog's Hand       |       |       |     1 ||     1
  Use: Scroll            |       |       |     4 ||     4
 Stab: Sleeping          |     4 |    23 |     3 ||    30
  Eat: Chunk             |     1 |     7 |     5 ||    13
Armor: Skin              |     3 |     6 |     2 ||    11
Dodge: Dodged            |    18 |    51 |    49 ||   118
Block: Buckler           |       |       |     6 ||     6

Table legend:
 A = Spawn XP
 B = Non-spawn XP
 C = Spawn XP percentage of total XP
 D = Spawn monster count
 E = Non-spawn monster count
 F = Spawn count percentage of total count
 G = Total turns spent on level
                    A         B        C        D         E        F      G
               +---------+---------+-------+---------+---------+-------+---------
         Total |       0 |    1335 |   0.0 |       0 |     101 |   0.0 |  5175
               +---------+---------+-------+---------+---------+-------+---------
           D:1 |       0 |      19 |   0.0 |       0 |      12 |   0.0 |   916
           D:2 |       0 |     191 |   0.0 |       0 |      25 |   0.0 |  1055
           D:3 |       0 |      30 |   0.0 |       0 |      18 |   0.0 |   746
           D:4 |       0 |     351 |   0.0 |       0 |      18 |   0.0 |   962
           D:5 |       0 |     314 |   0.0 |       0 |      21 |   0.0 |  1322
           D:6 |       0 |     430 |   0.0 |       0 |       7 |   0.0 |   174
               +---------+---------+-------+---------+---------+-------+---------
